AoeStats
← VL Arcenick

Arabia

510208118Analyzed
4v4 RM · 2d ago on Sep 30, 2026· 16m 50s· 8 players
Game mode
Random Map
Map size
Large (8 player)
Population
200
Speed
Normal
Resources
Standard
Victory
Conquest
Starting age
Dark Age
Ending age
Imperial Age
RankedLock teamsTeams togetherTeam positionsShared explorationLock speedFull tech treeHidden civsTurbo modeCheats
Victory
Defeat
🇨🇴 Britons · Colombia
1709
+6
🇺🇸 Magyars · United States
1635
+8
🇨🇴 Ethiopians · Colombia
1498
+12
🇨🇴 Lithuanians · Colombia
1493
+12
🇦🇷 Ethiopians · Argentina
1507
-12
🇧🇷 Franks · Brazil
1418
-9
🇦🇷 Maya · Argentina
1416
-9
🇨🇱 Huns · Chile
1383
-8
Jjota
8:29 Loom
10:36 Feudal Age
14:28 Double-Bit Axe
15:18 Fletching
Fs.Emmanuel
9:33 Feudal Age
10:26 Double-Bit Axe
TeWs
0:25 Loom
9:58 Feudal Age
11:04 Double-Bit Axe
_dEus_
5:49 Loom
8:25 Feudal Age
9:20 Double-Bit Axe
VL SlenderMan
6:20 Loom
8:54 Feudal Age
9:40 Double-Bit Axe
16:28 Bloodlines
VL Arcenick
8:35 Feudal Age
9:57 Loom
14:44 Scale Barding Armor
14:24 Horse Collar
14:31 Double-Bit Axe
VL Formolin
6:26 Loom
9:22 Feudal Age
11:06 Double-Bit Axe
14:32 Fletching
VL Retember
6:59 Loom
9:20 Feudal Age
12:19 Fletching
Connection lost

Rejoining the realm…

Still unreachable

The connection could not be restored.

Session expired

The server has moved on; the page needs a fresh start.